 Dungeon Crawl Stone Soup version 0.28-a0-828-g0121872642 (webtiles) character file.

Game seed: 13152741731440971973

267 cheechan the Bolt Thrower (level 6, -5/41 HPs)
             Began as an Octopode Hunter on Nov 10, 2021.
             Slain by Duvessa (11 damage)
             ... on level 4 of the Dungeon.
             The game lasted 00:19:34 (3523 turns).

cheechan the Bolt Thrower (Octopode Hunter)         Turns: 3523, Time: 00:19:34

Health: -5/41      AC:  1    Str: 11    XL:     6   Next: 21%
Magic:  6/6        EV: 13    Int: 14    God:
Gold:   93         SH:  0    Dex: 14    Spells: 5/5 levels left

rFire   . . .      SeeInvis +   i - +0 rapier
rCold   . . .      Faith    .   (no shield)
rNeg    . . .      Spirit   .   (helmet restricted)
rPois   .          Reflect  .   (no amulet)
rElec   .          Harm     .   b - ring of see invisible
rCorr   .          Rampage  .   (no ring)
Will    .....                   (no ring)
Stlth   +++.......              (no ring)
HPRegen 0.13/turn               (no ring)
MPRegen 0.10/turn               (no ring)
                                (no ring)
                                (no ring)

@: no status effects
A: almost no armour, amphibious, 8 rings, camouflage 1, gelatinous body 1,
(nimble swimmer 1), tentacles
a: no special abilities


You were on level 4 of the Dungeon.
You visited 1 branch of the dungeon, and saw 4 of its levels.

You collected 93 gold pieces.

Inventory:

Hand Weapons
 a - a +1 hand crossbow of electrocution
 i - a +0 rapier (weapon)
 j - a +0 hunting sling
Missiles
 f - 31 sling bullets
 k - 15 arrows
Jewellery
 b - a ring of see invisible (left tentacle)
Potions
 d - a potion of lignification
 e - a potion of resistance
 g - a potion of cancellation
 h - a potion of curing {unknown}


   Skills:
 + Level 2.9 Fighting
 + Level 0.4 Short Blades
 + Level 2.0 Slings
 + Level 5.9 Crossbows
 + Level 2.7 Dodging
 + Level 2.6 Stealth


You had 5 spell levels left.
You didn't know any spells.
Your spell library contained the following spells:

 Spells                   Type           Power      Damage    Failure   Level
 Apportation              Tloc           0%         N/A       28%         1
 Sting                    Tmut/Pois      0%         1d3       28%         1
 Poisonous Vapours        Pois/Air       0%         N/A       41%         2
 Olgreb's Toxic Radiance  Pois           0%         N/A       96%         4
 Alistair's Intoxication  Tmut/Pois      0%         N/A       100%        5


Dungeon Overview and Level Annotations

Branches:
Dungeon (4/15)
 Temple: D:4-7

Altars:

Annotations:
D:4 Duvessa


Innate Abilities, Weirdness & Mutations

You cannot wear most types of armour.
You are amphibious.
You can wear up to eight rings at the same time.
Your skin changes colour to match your surroundings (Stealth+).
Your rubbery body absorbs attacks. (AC +1, EV +1)
((You are camouflaged near water. (Stealth+)))
You have tentacles for arms and can constrict up to eight enemies at once.


Message History

Press: ? - help, Shift-Dir - straight line, f/p - Dowan
Aim: Dowan, wielding a +0 dagger and wearing a +0 robe (heavily wounded, 57% to hit)
You shoot a bolt. The bolt barely misses Dowan.
Duvessa, Sister of Dowan comes into view.
She is wielding a +0 short sword.
Fire: 2 bolts
Press: ? - help, Shift-Dir - straight line, f/p - Dowan
Aim: Dowan, wielding a +0 dagger and wearing a +0 robe (heavily wounded, 57% to hit)
You shoot a bolt.
Duvessa shouts!
The bolt hits Dowan.
Dowan is severely wounded.
Fire: bolt
Press: ? - help, Shift-Dir - straight line, f/p - Dowan
Aim: Dowan, wielding a +0 dagger and wearing a +0 robe (severely wounded, 57% to hit)
You shoot a bolt. The bolt hits Dowan.
Dowan is almost dead.
Dowan smirks and points a slender finger.
Your +1 hand crossbow of electrocution stops crackling.
i - a +0 rapier (weapon)
You hit Dowan. You grab Dowan.
Dowan is almost dead.
You constrict Dowan, but do no damage.
Dowan gestures at Duvessa while chanting.
Duvessa seems to speed up.
You hit Dowan.
You kill Dowan!
Duvessa screams in rage.
Duvessa goes berserk!
Duvessa rages.
Your Slings skill increases to level 2!
Okay, then.
You aren't carrying any scrolls.
You hit Duvessa but do no damage. Your grab misses Duvessa.
Duvessa hits you with a +0 short sword!!
Ouch! That really hurt!
Duvessa hits you but does no damage. Duvessa hits you with a +0 short sword!
* * * LOW HITPOINT WARNING * * *
Duvessa hits you with a +0 short sword!
You die...

#### ..###...$## #..##
#...(...... ####..#
#...(......
###.##..####...(......
##........##.......... #
.##........#..)....# ..#
..####.............#...#
..#####>.......e........
#..#.....###<...@.......
#.......## ##...######..
..####..# ##### ..#
#..## ..# ##..# .## ####
.# .# .#


You could see Duvessa (berserk, fast).

Vanquished Creatures
  Dowan (D:4)
  A hound (D:4)
  An iguana (D:4)
  4 gnolls (D:4)
  4 adders
  5 dart slugs
  6 orcs (D:3)
  9 endoplasms
  2 giant cockroaches
  8 goblins
  5 hobgoblins
  4 jackals
  2 quokkas (D:1)
  3 ball pythons
  16 bats
  3 kobolds
74 creatures vanquished.

Notes
Turn   | Place    | Note
-------+----------+-------------------------------------------
     0 | D:1      | cheechan the Octopode Hunter began the quest for the Orb.
     0 | D:1      | Reached XP level 1. HP: 14/14 MP: 1/1
   212 | D:1      | Reached XP level 2. HP: 19/19 MP: 2/2
   455 | D:1      | Found a faded altar of an unknown god.
   480 | D:1      | Found a faded altar of an unknown god.
   650 | D:1      | Reached XP level 3. HP: 24/24 MP: 3/3
  1695 | D:2      | Reached skill level 5 in Crossbows
  1697 | D:2      | Reached XP level 4. HP: 29/29 MP: 4/4
  3099 | D:4      | Reached skill level 1 in Slings
  3099 | D:4      | Reached XP level 5. HP: 29/35 MP: 5/5
  3298 | D:4      | Reached XP level 6. HP: 35/41 MP: 6/6
  3510 | D:4      | Noticed Dowan
  3514 | D:4      | Noticed Duvessa
  3519 | D:4      | Killed Dowan
  3523 | D:4      | Slain by Duvessa

Illustrated notes

Levels and vault maps discovered:
D:1:      erik_arrival_cave_to_civilisation [erik_arrival_cave_to_hall],
          layout_basic, hellmonk_ecumenical_altar_the_god_not_taken,
          minmay_misc_feat_plants
D:2:      layout_loops_corners, minmay_quantized
D:3:      layout_loops_ring, roderic_batcave
D:4:      layout_layer_cave, overflow_temple_1_default, uniq_eustachio,
          uniq_duvessa

Skill      XL: |  1  2  3  4  5  6 |
---------------+-------------------+-----
Stealth        | 2 |  2.6
Crossbows      | 5 |  5.9
Slings         | 1 2 |  2.0
Fighting       | |  2.9
Short Blades   | |  0.4
Dodging        | |  2.7

Action                   |  1- 3 |  4- 6 || total
-------------------------+-------+-------++-------
Melee: Rapier            |       |     8 ||     8
       Constrict         |       |     3 ||     3
       Tentacles         |       |     1 ||     1
 Fire: Hand crossbow     |    53 |    65 ||   118
       Hunting sling     |       |    14 ||    14
  Use: Scroll            |     5 |     2 ||     7
Armor: Skin              |     3 |     6 ||     9
Dodge: Dodged            |    17 |    52 ||    69

Table legend: (Time is in decaauts)
 A = Elapsed time spent in this place.
 B = Non-inter-level travel time spent in this place.
 C = Inter-level travel time spent in this place.
 D = Time resting spent in this place.
 E = Time spent auto-exploring this place.
 F = Levels seen in this place.
 G = Mean time per level.
                   A        B        C        D        E       F      G
               +--------+--------+--------+--------+--------+-----+--------+
         Total |   3553 |   3553 |      0 |    130 |      0 |   4 |  888.2 |
       Dungeon |   3553 |   3553 |      0 |    130 |      0 |   4 |  888.2 |
               +--------+--------+--------+--------+--------+-----+--------+

Top non-repeatable levels by time:
     D:1: 1129 daAuts
     D:2: 1123 daAuts
     D:3: 829 daAuts
     D:4: 470 daAuts
